 Dungeon Crawl Stone Soup version 0.25.1-2-g60ff931df9 (webtiles) character file.

Game seed: 15921092852460390098

2482 huuhuu the Destroyer (level 9, -4/51 HPs)
             Began as an Octopode Conjurer on Oct 22, 2020.
             Killed from afar by an orc wizard (11 damage)
             ... with a puff of frost
             ... on level 6 of the Dungeon on Oct 23, 2020.
             The game lasted 00:33:09 (7674 turns).

huuhuu the Destroyer (Octopode Conjurer)            Turns: 7674, Time: 00:33:10

Health: -4/51      AC:  1    Str: 10    XL:     9   Next: 51%
Magic:  0/18       EV: 13    Int: 24    God:
Gold:   213        SH:  0    Dex: 12    Spells: 4/20 levels left

rFire    . . .     SeeInvis +   w - +1 battleaxe of Kuece {drain, rElec SInv}
rCold    . . .     Gourm    .   (shield currently unavailable)
rNeg     . . .     Faith    .   (helmet restricted)
rPois    .         Spirit   .   (no amulet)
rElec    +         Reflect  .   c - +6 ring of intelligence
rCorr    .         Harm     .   (no ring)
MR       .....                  (no ring)
Stlth    +++.......             (no ring)
HPRegen  0.17/turn              (no ring)
MPRegen  0.16/turn              (no ring)
                                (no ring)
                                (no ring)

@: very slightly contaminated
A: almost no armour, stealthy swim, amphibious, 8 rings, constrict 8, camouflage
1, gelatinous body 1
a: no special abilities


You were on level 6 of the Dungeon.
You were not hungry.

You visited 1 branch of the dungeon, and saw 6 of its levels.
You also visited: Sewer.

You collected 213 gold pieces.

Inventory:

Hand Weapons
 a - a +0 dagger of flaming
 f - a +2 short sword of protection
 w - the +1 battleaxe of Kuece (weapon) {drain, rElec SInv}
   (You found it on level 4 of the Dungeon)

   A truly terrible weapon, it drains the life of those it strikes.
   It insulates you from electricity.
   It lets you see invisible.
Armour
 e - a +0 kite shield
Jewellery
 c - a +6 ring of intelligence (left tentacle)
 y - a +4 ring of evasion {unknown}
Wands
 d - a wand of flame (14)
 m - a wand of enslavement (11)
Scrolls
 i - 3 scrolls of blinking {unknown}
 k - 10 scrolls of identify {unknown}
 l - 3 scrolls of enchant armour {unknown}
 n - 2 scrolls of noise {unknown}
 p - a scroll of magic mapping {unknown}
 q - a scroll of amnesia {unknown}
 r - a scroll of remove curse {unknown}
 u - a scroll of immolation {unknown}
 v - 2 scrolls of enchant weapon {unknown}
 x - a scroll of fear {unknown}
Potions
 g - 2 potions of berserk rage
 h - 5 potions of heal wounds {unknown}
 j - 6 potions of flight
 o - 2 potions of haste {unknown}
 s - a potion of mutation {unknown}
 t - a potion of stabbing {unknown}
 A - a potion of magic {unknown}
Comestibles
 b - 8 rations
 z - a chunk of flesh


   Skills:
 - Level 2.0 Dodging
 - Level 2.6 Stealth
 + Level 6.1 Spellcasting
 * Level 10.0 Conjurations
 * Level 5.6 Hexes


You had 4 spell levels left.
You knew the following spells:

 Your Spells              Type           Power        Failure   Level  Hunger
a - Magic Dart            Conj           ####         1%          1    None
b - Searing Ray           Conj           ######       1%          2    None
c - Dazzling Flash        Conj/Hex       #####.       1%          3    #......
d - Fulminant Prism       Conj/Hex       #####.....   3%          4    ###....
e - Tukima's Dance        Hex            ####....     2%          3    #......
f - Confusing Touch       Hex            ####....     2%          3    #......

Your spell library contained the following spells:

 Spells                   Type           Power        Failure   Level  Hunger
 Corona                   Hex            ####...      1%          1    None
 Ensorcelled Hibernation  Hex/Ice        ###...       3%          2    None
 Iskenderun's Mystic Bla  Conj/Tloc      ####....     10%         4    ###....


Dungeon Overview and Level Annotations

Branches:
Dungeon (6/15)              Sewer (visited)
 Temple: D:4-7

Altars:
Ashenzari
Elyvilon
Fedhas
Gozag
Nemelex Xobeh
Okawaru
Qazlal
Wu Jian

Shops:
D:5 =(}[

Annotations:
D:4 4 runed translucent doors


Innate Abilities, Weirdness & Mutations

You cannot wear most types of armour.
You are very stealthy in the water. (Stealth+)
You are amphibious.
You can wear up to eight rings at the same time.
You can use your tentacles to constrict eight enemies at once.
Your skin changes colour to match your surroundings (Stealth+).
Your rubbery body absorbs attacks. (AC +1, EV +1)


Message History

The orc wizard seems to speed up.
Casting: Searing Ray (safe; 1% risk of failure)
Confirm with . or Enter, or press ? or * to list all spells.
Aiming: Fulminant Prism (dangerous; 3% risk of failure)
Press: ? - help, Dir - move target cursor You miscast Fulminant Prism.
You are very lightly contaminated with residual magic.
Nothing appears to happen.
Casting: Fulminant Prism (dangerous; 3% risk of failure)
Confirm with . or Enter, or press ? or * to list all spells.
Aiming: Fulminant Prism (dangerous; 3% risk of failure)
Press: ? - help, Dir - move target cursor You miscast Fulminant Prism.
Nothing appears to happen.
An orc comes into view. It is wielding a +0 war axe.
The orc wizard points at you and mumbles some strange words.
The puff of flame hits you!
* * * LOW HITPOINT WARNING * * *
The orc wizard casts a spell at you. The puff of frost hits you!
You die...

....')>....#.#
....##.###.#.# .#
....##.# #...# #.#
....##.# ##### .#.#
....##.########.#.##
....##..........#.. ##
..............###.##...#
.......................#
.##.........####@###
#.......).##.....##
#.........#.......#
#....(....#.......#
#...o...((o..._......
#.........#.).....#..
#.........#.......#..#
.########.##.....## .#
#.####.###


You could see an orc wizard (fast).

Vanquished Creatures
  Grinder (Sewer)
  Menkaure (D:4)
  A phantom (D:4)
  3 ogres
  3 centaurs
  A crocodile (D:4)
  A big kobold (Sewer)
  A scorpion (D:4)
  2 crimson imps
  2 quasits (Sewer)
  4 orc priests
  3 hounds
  9 orc wizards
  Ijyb (D:4)
  A bullfrog skeleton (D:4)
  2 iguanas (D:4)
  6 worker ants
  3 big kobold zombies (Sewer)
  2 hound skeletons
  A worker ant zombie (D:5)
  23 gnolls
  A howler monkey skeleton (D:4)
  7 adders
  4 shadow imps
  2 ufetubi (Sewer)
  2 oozes (D:1)
  An adder zombie (Sewer)
  2 worms
  2 dart slugs
  10 leopard geckos
  19 orcs
  9 bats
  8 giant cockroaches
  10 goblins
  7 hobgoblins
  7 jackals
  A quokka (D:2)
  2 ball pythons (Sewer)
  7 frilled lizards
  20 kobolds
  2 kobold zombies (Sewer)
  2 quokka skeletons
  12 rats
208 creatures vanquished.

Vanquished Creatures (others)
  3 oozes (Sewer)
  A kobold zombie (Sewer)
  12 fulminant prisms
16 creatures vanquished.

Grand Total: 224 creatures vanquished

Notes
Turn   | Place    | Note
-------+----------+-------------------------------------------
     0 | D:1      | huuhuu the Octopode Conjurer began the quest for the Orb.
     0 | D:1      | Reached XP level 1. HP: 11/11 MP: 3/3
   318 | D:1      | Reached XP level 2. HP: 16/17 MP: 0/5
   322 | D:1      | Learned a level 2 spell: Searing Ray
   882 | D:1      | Reached XP level 3. HP: 19/21 MP: 3/6
  1535 | D:2      | Reached skill level 5 in Conjurations
  1818 | D:2      | Reached XP level 4. HP: 21/27 MP: 5/7
  2044 | D:2      | Found a stormy altar of Qazlal.
  2330 | D:3      | Found a glowing drain.
  2336 | Sewer    | Entered a sewer
  2703 | Sewer    | Learned a level 3 spell: Dazzling Flash
  2708 | Sewer    | Reached XP level 5. HP: 31/31 MP: 3/9
  2786 | Sewer    | Found a burning altar of Makhleb.
  2852 | Sewer    | Reached skill level 1 in Hexes
  3039 | Sewer    | Reached skill level 6 in Conjurations
  3081 | Sewer    | Noticed a big kobold
  3136 | Sewer    | Reached XP level 6. HP: 31/36 MP: 4/11
  3185 | Sewer    | Noticed Grinder
  3201 | Sewer    | Killed Grinder
  3295 | Sewer    | Reached XP level 7. HP: 28/41 MP: 8/12
  3581 | D:3      | Found a faded altar of an unknown god.
  3806 | D:3      | Found a white marble altar of Elyvilon.
  3944 | D:3      | Found a shattered altar of Ashenzari.
  4071 | D:3      | Found an iron altar of Okawaru.
  4071 | D:3      | Found a sparkling altar of Nemelex Xobeh.
  4071 | D:3      | Found an opulent altar of Gozag.
  4202 | D:3      | Reached skill level 7 in Conjurations
  4260 | D:3      | Found an ornate altar of the Wu Jian Council.
  4384 | D:3      | Learned a level 4 spell: Fulminant Prism
  4618 | D:4      | Noticed Ijyb
  4931 | D:4      | Killed Ijyb
  4953 | D:4      | Reached XP level 8. HP: 46/46 MP: 7/14
  5113 | D:4      | Reached skill level 8 in Conjurations
  5489 | D:4      | Found a large runed translucent door.
  5490 | D:4      | Found a large runed translucent door.
  5496 | D:4      | Noticed Menkaure
  5501 | D:4      | Killed Menkaure
  5501 | D:4      | Reached skill level 5 in Spellcasting
  5754 | D:4      | Found a large runed translucent door.
  5754 | D:4      | Found a large runed translucent door.
  5777 | D:4      | Reached skill level 9 in Conjurations
  5827 | D:4      | Got a buzzing battleaxe
  5835 | D:4      | Identified the +1 battleaxe of Kuece {drain, rElec SInv}
                  | (You found it on level 4 of the Dungeon)
  6144 | D:5      | Entered Level 5 of the Dungeon
  6190 | D:5      | Reached XP level 9. HP: 51/51 MP: 13/17
  6263 | D:5      | Found Hoiqihu's Jewellery Shop.
  6329 | D:5      | Reached skill level 5 in Hexes
  7030 | D:5      | Found Kesuucvo's Antique Weapon Shoppe.
  7078 | D:5      | Found Sixtah's Antique Armour Boutique.
  7124 | D:5      | Found Unlom's Gadget Emporium.
  7290 | D:5      | Learned a level 3 spell: Tukima's Dance
  7294 | D:5      | Learned a level 3 spell: Confusing Touch
  7656 | D:6      | Found a blossoming altar of Fedhas.
  7665 | D:6      | Reached skill level 10 in Conjurations
  7674 | D:6      | Killed from afar by an orc wizard

Illustrated notes

Levels and vault maps discovered:
D:1:      wander_arrival_chamber, layout_basic
D:2:      layout_basic, first_ration, serial_bayou_pond_b, grunt_qazlal_clouds
D:3:      layout_basic, nicolae_overflow_crystal_walls,
          gammafunk_temple_overflow_claw, nicolae_overflow_hidden_temple,
          gup_sewer_entry_pipe, chequers_ecumenical_altar_simple,
          nicolae_ashenzari_panopticon
D:4:      layout_loops_ring, minmay_hollow_rounded_squares, uniq_ijyb,
          uniq_menkaure
D:5:      layout_loops_ring, serial_shops, kennysheep_mini_moat,
          nicolae_shop_competitors_out_of_business, shop, shop, st_stairs_11
D:6:      layout_basic, lemuel_coloured_pillars_altar, old_standard_altar,
          temple_green, serial_shops, shop

Skill      XL: |  1  2  3  4  5  6  7  8  9 |
---------------+----------------------------+-----
Conjurations   | 5 6 7 9 10 | 10.0
Spellcasting   | 3 4 5 6 |  6.1
Hexes          | 1 2 3 4 5 |  5.6
Dodging        | |  2.0
Stealth        | |  2.6

Action                   |  1- 3 |  4- 6 |  7- 9 || total
-------------------------+-------+-------+-------++-------
Melee: Dagger            |    51 |    31 |    34 ||   116
       Tentacles         |     9 |     5 |    15 ||    29
       Constrict         |    16 |     8 |    26 ||    50
       Short sword       |       |       |    16 ||    16
       Battleaxe         |       |       |    46 ||    46
 Cast: Magic Dart        |    32 |     4 |    32 ||    68
       Searing Ray       |     3 |    22 |    46 ||    71
       Fulminant Prism   |       |       |    12 ||    12
       Confusing Touch   |       |       |     1 ||     1
  Use: Scroll            |       |     1 |       ||     1
       Potion            |       |     3 |     1 ||     4
 Stab: Sleeping          |     2 |       |     3 ||     5
  Eat: Chunk             |     3 |     3 |    14 ||    20
       Ration            |       |     1 |       ||     1
Armor: Skin              |     4 |     6 |    15 ||    25
Dodge: Dodged            |    37 |    44 |    97 ||   178
